 Dungeon Crawl Stone Soup version 0.22.1-2-g9c5b331 (webtiles) character file.

426 Liatris the Chopper (level 6, -7/47 HPs)
             Began as a Demonspawn Gladiator on Dec 27, 2018.
             Was an Initiate of Makhleb.
             Mangled by an ogre
             ... wielding a +0 giant spiked club
              (16 damage)
             ... on level 4 of the Dungeon.
             The game lasted 00:14:49 (3187 turns).

Liatris the Chopper (Demonspawn Gladiator)          Turns: 3187, Time: 00:14:51

Health: -7/47      AC: 12    Str: 21    XL:     6   Next: 64%
Magic:  0/6        EV: 10    Int: 10    God:    Makhleb [......]
Gold:   284        SH:  5    Dex: 14    Spells: 5/5 levels left

rFire    . . .     SeeInvis .   a - +0 war axe
rCold    . . .     Gourm    .   (no shield)
rNeg     . . .     Faith    .   o - +0 chain mail
rPois    .         Spirit   +   c - +1 helmet
rElec    .         Reflect  +   (no cloak)
rCorr    .         Harm     .   g - +0 pair of gloves
MR       .....                  (no boots)
Stlth    ..........             f - +5 amulet of reflection
HPRegen  0.15/turn              (no ring)
MPRegen  0.10/turn              (no ring)

@: mighty
A: talons 1, magic shield, rot immunity, sturdy frame 1
a: Renounce Religion


You were on level 4 of the Dungeon.
You worshipped Makhleb.
Makhleb was noncommittal.
You were not hungry.

You visited 2 branches of the dungeon, and saw 5 of its levels.

You collected 284 gold pieces.

Inventory:

Hand Weapons
 a - a +0 war axe (weapon)
Missiles
 d - 3 throwing nets (quivered)
Armour
 b - a +0 leather armour
 c - a +1 helmet (worn)
 g - a +0 pair of gloves (worn)
 o - a +0 chain mail (worn)
Jewellery
 f - a +5 amulet of reflection (around neck)
Wands
 m - a wand of flame (39)
Scrolls
 h - 2 scrolls of remove curse
 j - a scroll of identify
Potions
 i - a potion of might
 k - a potion of ambrosia
Comestibles
 l - 2 rations


   Skills:
 + Level 3.4 Fighting
 + Level 5.3 Axes
 + Level 1.8 Throwing
 + Level 2.8 Armour
 + Level 3.1 Dodging


You had 5 spell levels left.
You didn't know any spells.
Your spell library was empty.

Dungeon Overview and Level Annotations

Branches:
Dungeon (4/15)             Temple (1/1) D:4

Altars:
Ashenzari
Cheibriados
Elyvilon
Gozag
Makhleb
Nemelex Xobeh
Qazlal
Ru
Sif Muna
Trog
Uskayaw
Yredelemnul
Zin
The Shining One


Innate Abilities, Weirdness & Mutations

You have sharp toenails.
When hurt, damage is shared between your health and your magic reserves.
You are immune to rotting.
Your movements are slightly less encumbered by armour. (ER -2)


Message History

The stone hits you but does no damage. The orc priest misses you.
You block something's attack.
Your chain mail prevents you from hitting the orc priest.
Your kick misses the orc priest.
The orc priest is almost dead.
You barely miss something. The orc priest closely misses you.
Something hits you but does no damage. The orc completely misses you.
You closely miss the orc priest. You claw the orc priest.
You kill the orc priest!
Makhleb accepts your kill.
Your chain mail prevents you from hitting the orc.
You barely miss something. Something hits you but does no damage.
The orc completely misses you.
Your chain mail prevents you from hitting the ogre.
You claw the ogre.
The ogre is lightly wounded.
You closely miss something. You hit the orc.
Something hits you but does no damage.
The ogre hits you with a giant spiked club!!
You die...

........<# ### ....$....#
#.## .........# #..#
.........# #..##
.o...%...##### #...#
>..........#.### #...#
...........#...# #...#
##.........)O#.#######...##
######.##..{@.##.........###
#.##..o))........##...##
#..#รทรท...........##.#..#
#.....#..........##.##.#
#.###...#..[#...........
#.##.....#.#..).........
#..#......>............#
.........#.#.....##.#..#
##......#...#....##.#...


You could see an ogre and an orc.

Vanquished Creatures
  A scorpion (D:4)
  4 orc priests (D:4)
  An orc wizard (D:4)
  A centaur skeleton (D:4)
  3 iguanas (D:4)
  A worker ant zombie (D:3)
  A howler monkey skeleton (D:4)
  5 adders
  An ooze (D:2)
  2 worms
  2 leopard geckos
  6 orcs (D:4)
  4 bats
  A giant cockroach (D:2)
  6 goblins
  4 hobgoblins
  4 jackals (D:3)
  4 frilled lizards
  3 kobolds
  3 rats
57 creatures vanquished.

Notes
Turn   | Place    | Note
-------+----------+-------------------------------------------
     0 | D:1      | Liatris the Demonspawn Gladiator began the quest for the
                  | Orb.
     0 | D:1      | Reached XP level 1. HP: 16/16 MP: 1/1
   643 | D:1      | Reached skill level 3 in Axes
  1004 | D:2      | Gained mutation: When hurt, damage is shared between your
                  | health and your magic reserves. [demonic ancestry]
  1004 | D:2      | Reached XP level 2. HP: 18/22 MP: 2/2
  1179 | D:2      | Found a snail-covered altar of Cheibriados.
  1307 | D:2      | Found a glowing golden altar of the Shining One.
  1686 | D:2      | Gained mutation: You have sharp toenails. [demonic
                  | ancestry]
  1686 | D:2      | Reached XP level 3. HP: 27/28 MP: 3/3
  2207 | D:3      | Gained mutation: You are immune to rotting. [demonic
                  | ancestry]
  2207 | D:3      | Reached XP level 4. HP: 34/34 MP: 4/4
  2350 | D:3      | Found a stormy altar of Qazlal.
  2425 | D:3      | Reached skill level 4 in Axes
  2468 | D:4      | Reached skill level 1 in Armour
  2487 | D:4      | Reached XP level 5. HP: 22/39 MP: 3/5
  2721 | D:4      | Found a staircase to the Ecumenical Temple.
  2762 | Temple   | Entered the Ecumenical Temple
  2870 | Temple   | Became a worshipper of Makhleb the Destroyer
  2908 | D:4      | Gained mutation: Your movements are slightly less
                  | encumbered by armour. (ER -2) [demonic ancestry]
  2908 | D:4      | Reached XP level 6. HP: 15/47 MP: 2/6
  3179 | D:4      | Reached skill level 5 in Axes
  3187 | D:4      | Mangled by an ogre

Skill      XL: |  1  2  3  4  5  6 |
---------------+-------------------+-----
Axes           | 3 4 5 |  5.3
Dodging        | 3 |  3.1
Armour         | 1 2 |  2.8
Fighting       | 3 |  3.4
Throwing       | |  1.8

Action                   |  1- 3 |  4- 6 || total
-------------------------+-------+-------++-------
Melee: War axe           |   128 |    79 ||   207
       Kick              |    12 |    18 ||    30
  Use: Scroll            |     7 |     2 ||     9
       Potion            |     2 |     2 ||     4
  Eat: Ration            |     2 |     1 ||     3
Armor: Leather armour    |    14 |       ||    14
       Chain mail        |    66 |    75 ||   141
Dodge: Dodged            |    70 |    45 ||   115
Block: Other             |       |    21 ||    21
